 Dungeon Crawl Stone Soup version 0.22-a0-181-gb22368a (webtiles) character file.

14 Amnesiac the Magician (level 2, -2/19 HPs)
             Began as a Mummy Earth Elementalist on Feb 14, 2018.
             Slain by an orc
             ... wielding a +0 flail
              (11 damage)
             ... on level 3 of the Dungeon.
             The game lasted 00:02:06 (969 turns).

Amnesiac the Magician (Mummy Earth Elementalist)     Turns: 969, Time: 00:02:06

Health: -2/19      AC:  3    Str: 11    XL:     2   Next: 31%
Magic:  2/6        EV: 12    Int: 14    God:
Gold:   19         SH:  0    Dex: 12    Spells: 4/7 levels left

rFire    x . .     SeeInvis .   f - +0 dagger
rCold    + . .     Gourm    .   (no shield)
rNeg     + + +     Faith    .   c - +0 robe
rPois    ∞         Spirit   .   (no helmet)
rElec    .         Reflect  .   a - +0 cloak
rCorr    .         Harm     .   (no gloves)
MR       .....                  (no boots)
Stlth    ++........             (no amulet)
HPRegen  0.06/turn              (no ring)
MPRegen  0.10/turn              (no ring)

@: no status effects
A: no food or potions, fire vulnerability, cold resistance 1, negative energy
resistance 3, torment resistance, unbreathing
a: no special abilities


You were on level 3 of the Dungeon.
You were not hungry.

You visited 1 branch of the dungeon, and saw 4 of its levels.

You collected 19 gold pieces.

Inventory:

Hand Weapons
 f - a +0 dagger (weapon)
Missiles
 b - 74 stones (quivered)
Armour
 a - a +0 cloak (worn)
 c - a +0 robe (worn)
Jewellery
 e - an uncursed amulet of harm {unknown}
Scrolls
 h - a scroll of amnesia {!r, unknown}
Books
 d - a book of Geomancy

   Spells                             Type                      Level
   a - Sandblast                      Earth                        1
   b - Passwall                       Transmutation/Earth          2
   c - Stone Arrow                    Conjuration/Earth            3
   d - Petrify                        Transmutation/Earth          4
   e - Lee's Rapid Deconstruction     Earth                        5
 g - a book of Callings

   Spells                             Type                      Level
   a - Summon Small Mammal            Summoning                    1
   b - Call Imp                       Summoning                    2
   c - Call Canine Familiar           Summoning                    3
   d - Summon Guardian Golem          Hexes/Summoning              3
   e - Summon Lightning Spire         Summoning/Air                4
   f - Summon Ice Beast               Ice/Summoning                4


   Skills:
 - Level 1.5 Dodging
 - Level 1.5 Stealth
 + Level 3.0 Spellcasting
 - Level 0.7 Transmutations
 * Level 3.0 Earth Magic


You had 4 spell levels left.
You knew the following spells:

 Your Spells              Type           Power        Failure   Level  Hunger
a - Sandblast             Erth           ##....       6%          1    N/A
b - Passwall              Tmut/Erth      #.........   16%         2    N/A

Dungeon Overview and Level Annotations

Branches:
Dungeon (4/15)
 Temple: D:4-7

Altars:

Annotations:
D:2 Terence
D:4 exclusion: slave, Eustachio


Innate Abilities, Weirdness & Mutations

You do not eat or drink.
Your flesh is vulnerable to fire.
You are immune to poison.
Your flesh is cold resistant. (rC+)
You are immune to negative energy. (rN+++)
You are immune to unholy pain and torment.
You can survive without breathing.


Message History

b - 78 stones The kobold closely misses you.
You hit the kobold.
You kill the kobold!
Your Earth Magic skill increases to level 3!
No target in view!
Magic restored.
A kobold comes into view. It is wielding a whip.
The kobold shouts!
A kobold is nearby!
A kobold is nearby!
You see here 10 gold pieces.
An orc comes into view. It is wielding a flail.
The orc shouts!
You hit the kobold.
The kobold is moderately wounded.
The kobold closely misses you.
You hit the kobold.
The kobold is severely wounded.
The kobold barely misses you.
You barely miss the kobold.
The kobold is severely wounded.
The kobold barely misses you.
You barely miss the kobold.
The kobold is severely wounded.
The kobold hits you with a whip.
You hit the kobold.
You kill the kobold!
Casting: Sandblast (safe; 6% risk of failure)
Confirm with . or Enter, or press ? or * to list all spells.
Aiming: Sandblast (safe; 6% risk of failure)
Press: ? - help, Shift-Dir - straight line, f - orc
Aim: an orc, wielding a flail and wearing a chain mail The blast of sand hits the orc.
b - 77 stones The orc hits you but does no damage.
Casting: Sandblast (safe; 6% risk of failure)
Confirm with . or Enter, or press ? or * to list all spells.
Aiming: Sandblast (safe; 6% risk of failure)
Press: ? - help, Shift-Dir - straight line, f/p - orc
Aim: an orc, wielding a flail and wearing a chain mail The blast of sand misses the orc.
b - 76 stones The orc hits you with a flail.
* * * LOW HITPOINT WARNING * * *
Casting: Sandblast (safe; 6% risk of failure)
Confirm with . or Enter, or press ? or * to list all spells.
Aiming: Sandblast (safe; 6% risk of failure)
Press: ? - help, Shift-Dir - straight line, f/p - orc
Aim: an orc, wielding a flail and wearing a chain mail The blast of sand hits the orc.
The orc is moderately wounded.
b - 75 stones
Casting: Sandblast (safe; 6% risk of failure)
Confirm with . or Enter, or press ? or * to list all spells.
Aiming: Sandblast (safe; 6% risk of failure)
Press: ? - help, Shift-Dir - straight line, f/p - orc
Aim: an orc, wielding a flail and wearing a chain mail (moderately wounded)
The blast of sand hits the orc.
The orc is moderately wounded.
b - 74 stones The orc hits you with a flail!
Ouch! That really hurt!
You die...

##.# #.### #
#..# #....# #
#..# #.##.#
#..#####.# #
####........#
#....###.####
#$#### # #.#
#@# #o# #.#
#.# #.# #.#
#.# #.#


You could see an orc.

Vanquished Creatures
  A dart slug (D:2)
  A goblin (D:1)
  A hobgoblin (D:1)
  A quokka (D:3)
  A ball python (D:2)
  2 bats (D:2)
  3 kobolds (D:3)
  3 rats
13 creatures vanquished.

Notes
Turn   | Place    | Note
-------+----------+-------------------------------------------
     0 | D:1      | Amnesiac the Mummy Earth Elementalist began the quest for the Orb.
     0 | D:1      | Reached XP level 1. HP: 13/13 MP: 4/4
   261 | D:2      | Reached XP level 2. HP: 18/19 MP: 5/5
   276 | D:2      | Noticed Terence
   653 | D:3      | Learned a level 2 spell: Passwall
   695 | D:4      | Noticed a slave
   703 | D:4      | Noticed Eustachio
   718 | D:4      | Noticed a crimson imp
   969 | D:3      | Slain by an orc

Vault maps used:
D:1:      zelgadis_glass_arrival_small
D:2:      minmay_octomino_j4, uniq_terence
D:3:      chequers_big_river, uniq_crazy_yiuf_cottage
D:4:      grunt_qazlal_sundering, hex_medium, uniq_eustachio,
          uniq_blork_the_orc, uniq_grinder, uniq_pikel

Skill      XL: |  1  2 |
---------------+-------+-----
Spellcasting   | 3 |  3.0
Earth Magic    | 3 |  3.0
Dodging        | |  1.5
Stealth        | |  1.5
Transmutations | |  0.7

Action                   || total
-------------------------++-------
Melee: Unarmed           ||    35
       Dagger            ||     8
 Cast: Sandblast         ||    17
 Stab: Sleeping          ||     1
Armor: Robe              ||    17
Dodge: Dodged            ||    44

Table legend:
 A = Spawn XP
 B = Non-spawn XP
 C = Spawn XP percentage of total XP
 D = Spawn monster count
 E = Non-spawn monster count
 F = Spawn count percentage of total count
 G = Total turns spent on level
                    A         B        C        D         E        F      G
               +---------+---------+-------+---------+---------+-------+---------
         Total |       0 |      21 |   0.0 |       0 |      13 |   0.0 |   969
               +---------+---------+-------+---------+---------+-------+---------
           D:1 |       0 |       4 |   0.0 |       0 |       2 |   0.0 |    98
           D:2 |       0 |       9 |   0.0 |       0 |       5 |   0.0 |   173
           D:3 |       0 |       8 |   0.0 |       0 |       6 |   0.0 |   618
               +---------+---------+-------+---------+---------+-------+---------
